 Dungeon Crawl Stone Soup version 0.24-a0-441-g27f0392e16 (webtiles) character file.

Game seed: 2354638300323758467

1260 ivs the Cleaver (level 8, -32/64 HPs)
             Began as a Minotaur Monk on June 21, 2019.
             Killed from afar by an adder (47 damage)
             ... with an exploding inner flame
             ... hexed by the player character
             ... on level 6 of the Dungeon.
             The game lasted 00:20:59 (1306 turns).

ivs the Cleaver (Minotaur Monk)                     Turns: 1306, Time: 00:21:04

Health: -32/64     AC:  2    Str: 24    XL:     8   Next: 27%
Magic:  10/10      EV: 13    Int:  7    God:
Gold:   130        SH:  5    Dex:  9    Spells: 7/7 levels left

rFire    . . .     SeeInvis +   a - +0 hand axe
rCold    . . .     Gourm    .   (no shield)
rNeg     . . .     Faith    .   g - +0 robe
rPois    .         Spirit   .   (helmet restricted)
rElec    .         Reflect  +   (no cloak)
rCorr    .         Harm     .   (no gloves)
MR       .....                  (no boots)
Stlth    ++........             X - +5 amulet of reflection
HPRegen  0.20/turn              h - -3 ring of dexterity (curse)
MPRegen  0.12/turn              V - ring of see invisible

@: mighty, lethally poisoned (-32 -> -36), marked
A: retaliatory headbutt, horns 2
a: no special abilities


You were on level 6 of the Dungeon.
You were hungry.

You visited 1 branch of the dungeon, and saw 6 of its levels.
You also visited: Sewer.

You collected 130 gold pieces.

Inventory:

Hand Weapons
 a - a +0 hand axe (weapon)
 b - a +0 hunting sling
 k - a +0 quarterstaff
Missiles
 f - 29 sling bullets
Armour
 g - a +0 robe (worn)
Jewellery
 h - a cursed -3 ring of dexterity (left hand)
 i - an uncursed amulet of harm {unknown}
 F - an uncursed amulet of faith
 I - a +6 ring of intelligence
 V - a ring of see invisible (right hand)
 X - a +5 amulet of reflection (around neck)
Wands
 n - a wand of paralysis (3)
 q - a wand of disintegration (8)
Scrolls
 e - a scroll of enchant weapon {unknown}
 l - a scroll of amnesia {unknown}
Potions
 o - 2 potions of flight
 p - a potion of curing
Comestibles
 c - 2 rations


   Skills:
 - Level 3.6 Fighting
 + Level 10.2 Axes
 - Level 3.7 Slings
 - Level 3.2 Dodging
 - Level 1.5 Stealth
 - Level 4.0 Evocations


You had 7 spell levels left.
You didn't know any spells.
Your spell library was empty.

Dungeon Overview and Level Annotations

Branches:
Dungeon (6/15)
 Temple: D:4-7

Altars:
Cheibriados
Fedhas
Wu Jian


Innate Abilities, Weirdness & Mutations

You reflexively headbutt those who attack you in melee.
You have a pair of horns on your head.


Message History

The ice beast is almost dead.
You slash the scorpion! You slash the orc!
You kill the orc!
You closely miss the adder. You closely miss the phantom.
You feel sick. The adder bites you but does no damage. The scorpion stings you.
You block the ice beast's attack. You block the orc's attack.
As you read the scroll labeled KECOTO NYCHON, it crumbles to dust.
The creatures around you are filled with an inner flame!
It was a scroll of immolation.
You feel sick. The adder barely misses you. You furiously retaliate!
You headbutt the adder!
The adder explodes!
The fiery explosion engulfs you!!
* * * LOW HITPOINT WARNING * * *
The fiery explosion engulfs the orc wizard!!
The orc wizard explodes!
The fiery explosion engulfs the adder!!
The adder explodes!
The fiery explosion engulfs you!!!
Ouch! That really hurt!
You die...

.... .... ....# ...#
... #####O####.
...#.#W#§o§.....
.#.. #....Y@§§S##
#.#..
#..[###slhl.####....
... ##FO..##....# .
. #Zh........##.#
####..............
...#..(.......S...
....h.....<.......
.....Z...##..#....
...........h#..# #


You could see a phantom (inner flame), an ice beast (inner flame), 2 ogres, a
bullfrog (inner flame), a scorpion (inner flame), an iguana (inner flame), a
hound (inner flame), an adder (inner flame), an orc (inner flame), an adder
zombie (inner flame), a leopard gecko (inner flame) and a jackal (inner flame).

Vanquished Creatures
  Grinder (D:5)
  2 water moccasins (D:5)
  An ice beast (D:6)
  An ogre (D:4)
  A centaur (D:5)
  A bullfrog (D:6)
  A big kobold (Sewer)
  A scorpion (D:4)
  A bullfrog zombie (D:5)
  2 hounds
  A centaur skeleton (D:4)
  An iguana (D:4)
  An orc priest (D:6)
  Ijyb (D:3)
  3 worker ants
  8 adders
  2 worms
  A dart slug (D:1)
  2 leopard geckos
  2 orcs (D:6)
  2 bats
  5 giant cockroaches
  A goblin (D:1)
  3 hobgoblins
  4 jackals
  2 frilled lizards
  4 kobolds
  5 rats
60 creatures vanquished.

Notes
Turn   | Place    | Note
-------+----------+-------------------------------------------
     0 | D:1      | ivs the Minotaur Monk began the quest for the Orb.
     0 | D:1      | Reached XP level 1. HP: 19/19 MP: 0/0
    32 | D:1      | Reached skill level 4 in Axes
   156 | D:1      | Reached XP level 2. HP: 26/26 MP: 1/1
   246 | D:3      | Noticed Ijyb
   281 | D:3      | Killed Ijyb
   281 | D:3      | Reached skill level 5 in Axes
   281 | D:3      | Reached XP level 3. HP: 17/31 MP: 2/2
   406 | D:4      | Noticed an ogre
   407 | D:4      | Reached skill level 1 in Slings
   407 | D:4      | Reached XP level 4. HP: 26/39 MP: 3/3
   450 | D:4      | Noticed an ogre
   457 | D:4      | Killed an ogre
   457 | D:4      | Reached skill level 6 in Axes
   457 | D:4      | Reached XP level 5. HP: 10/45 MP: 4/4
   677 | D:4      | Found a glowing drain.
   699 | Sewer    | Entered a sewer
   769 | Sewer    | Reached skill level 1 in Evocations
   769 | Sewer    | Reached XP level 6. HP: 34/51 MP: 4/6
   791 | Sewer    | Found a glowing silver altar of Zin.
   846 | D:5      | Entered Level 5 of the Dungeon
   910 | D:5      | Noticed a water moccasin
   920 | D:5      | Killed a water moccasin
   920 | D:5      | Reached XP level 7. HP: 33/57 MP: 8/8
   962 | D:5      | Reached skill level 7 in Axes
   977 | D:5      | Noticed Grinder
   993 | D:5      | Killed Grinder
   993 | D:5      | Reached skill level 8 in Axes
  1002 | D:5      | Reached skill level 9 in Axes
  1115 | D:5      | Found a snail-covered altar of Cheibriados.
  1126 | D:5      | Reached XP level 8. HP: 22/64 MP: 10/10
  1134 | D:5      | Found a blossoming altar of Fedhas.
  1279 | D:6      | Found an ornate altar of the Wu Jian Council.
  1301 | D:6      | Reached skill level 10 in Axes
  1306 | D:6      | Killed from afar by an adder

Levels and vault maps discovered:
D:1:      doesnt_arrival_eight_statues, layout_basic, serial_park_tiny_1
D:2:      layout_basic, uniq_sigmund
D:3:      layout_loops_ring, overflow_temple_1_default,
          chequers_temple_overflow_statue_of_worship, uniq_ijyb
D:4:      cheibrodos_old_hovel, layout_basic, cheibrodos_sewer_entry_bend,
          first_ration
D:5:      layout_rooms, fedhas_bush_and_centaur_altar, lemuel_crystal_altar,
          uniq_grinder
D:6:      layout_cave_pools, kennysheep_little_box,
          minmay_temple_entry_large_hall

Skill      XL: |  1  2  3  4  5  6  7  8 |
---------------+-------------------------+-----
Axes           | 4 5 6 9 10 | 10.2
Slings         | 1 2 3 |  3.7
Evocations     | 1 3 4 |  4.0
Fighting       | |  3.6
Dodging        | |  3.2
Stealth        | |  1.5

Action                   |  1- 3 |  4- 6 |  7- 9 || total
-------------------------+-------+-------+-------++-------
Melee: Hand axe          |    56 |    51 |    49 ||   156
       Headbutt          |     8 |    11 |     7 ||    26
 Fire: Hunting sling     |    16 |    31 |    13 ||    60
Evoke: Wand              |       |     5 |     9 ||    14
  Use: Scroll            |     3 |     2 |     2 ||     7
       Potion            |       |       |     6 ||     6
 Stab: Sleeping          |     1 |       |     1 ||     2
       Paralysed         |       |     9 |     7 ||    16
  Eat: Chunk             |       |       |     1 ||     1
Armor: Robe              |     2 |     3 |     7 ||    12
       Skin              |    14 |       |       ||    14
Dodge: Dodged            |    23 |    30 |    37 ||    90
Block: Other             |       |     9 |    17 ||    26
       Reflection        |       |       |     1 ||     1

Table legend:
 A = Non-vault XP
 B = Vault XP
 C = Vault XP percentage of total XP
 D = Non-vault monster count
 E = Vault monster count
 F = Vault count percentage of total count
                 A         B        C        D         E       F
            +---------+---------+-------+---------+---------+-------
      Total |    1318 |     483 |  26.8 |      46 |      14 |  23.3
            +---------+---------+-------+---------+---------+-------
        D:1 |      12 |       0 |   0.0 |       5 |       0 |   0.0
        D:2 |       4 |       0 |   0.0 |       3 |       0 |   0.0
        D:3 |      11 |      36 |  76.6 |       5 |       1 |  16.7
        D:4 |     304 |      47 |  13.4 |       9 |       2 |  18.2
        D:5 |     631 |     295 |  31.9 |      12 |       1 |   7.7
        D:6 |     356 |       0 |   0.0 |      12 |       0 |   0.0
      Sewer |       0 |     105 | 100.0 |       0 |      10 | 100.0
            +---------+---------+-------+---------+---------+-------
